 Dungeon Crawl Stone Soup version 0.32-a0-928-g1cae6b7ea0 (webtiles) character file.

Game seed: 17467738439443447032

53 PriceMaster the Digger (level 3, 0/21 HPs)
             Began as an Octopode Earth Elementalist on Apr 12, 2024.
             Slain by a goblin
             ... wielding a +1 vampiric dagger
              (2 damage)
             ... on level 2 of the Dungeon.
             The game lasted 00:01:06 (1737 turns).

PriceMaster the Digger (OpEE)                       Turns: 1737, Time: 00:01:09

Health: 0/21       AC:  1    Str:  7    XL:     3   Next: 89%
Magic:  2/7        EV: 12    Int: 17    God:
Gold:   11         SH:  0    Dex: 14    Spells: 7/8 levels left

rFire   . . .        d - +0 dagger
rCold   . . .        (no shield)
rNeg    . . .        (helmet restricted)
rPois   .            (no amulet)
rElec   .            (no ring)
rCorr   .            (no ring)
SInv    .            (no ring)
Will    .....        (no ring)
Stlth   +++          (no ring)
HPRegen 0.23/turn    (no ring)
MPRegen 0.10/turn    (no ring)
                     (no ring)

%: no passive effects
@: no status effects
A: almost no armour, amphibious, 8 rings, camouflage 1, gelatinous body 1,
(nimble swimmer 1), tentacles
a: no special abilities


You were on level 2 of the Dungeon.
You visited 1 branch of the dungeon, and saw 2 of its levels.

You collected 11 gold pieces.

Inventory:

Hand Weapons
 d - a +0 dagger (weapon)
Scrolls
 c - a scroll of teleportation
 e - a scroll of vulnerability {unknown}
 f - a scroll of brand weapon {unknown}
 g - a scroll of acquirement {unknown}
 h - a scroll of poison {unknown}
Potions
 a - a potion of magic
 b - a potion of haste {unknown}


   Skills:
 * Level 0.2 Fighting
 + Level 2.1 Dodging
 * Level 3.3 Stealth
 * Level 3.1 Spellcasting
 + Level 1.0 Conjurations
 + Level 3.4 Earth Magic


You had 7 spell levels left.
You knew the following spells:

 Your Spells              Type           Power      Damage    Failure   Level
a - Sandblast             Erth           28%        2d8       4%          1

Your spell library contained the following spells:

 Spells                   Type           Power      Damage    Failure   Level
 Passwall                 Erth           14%        N/A       13%         3
 Apportation              Tloc           4%         N/A       17%         1
 Stone Arrow              Conj/Erth      20%        3d8       21%         3
 Jinxbite                 Hex            4%         N/A       26%         2
 Brom's Barrelling Bould  Conj/Erth      10%        2d3       56%         4
 Petrify                  Alch/Erth      8%         N/A       63%         4
 Iskenderun's Battlesphe  Conj           6%         2d6       97%         5
 Alistair's Intoxication  Alch           1%         N/A       99%         5
 Bombard                  Conj/Erth      5%         9d2       100%        6
 Spellforged Servitor     Conj/Summ      2%         N/A       100%        7


Dungeon Overview and Level Annotations

Branches:
Dungeon (2/15)

Altars:


Innate Abilities, Weirdness & Mutations

You cannot wear most types of armour.
You are amphibious.
You can wear up to eight rings at the same time.
Your skin changes colour to match your surroundings (Stealth+).
Your rubbery body absorbs attacks. (AC +1, EV +1)
((You are camouflaged when in or above water. (Stealth+)))
You have tentacles for arms and can constrict up to eight enemies at once.


Message History

Nothing appears to happen.
You feel sick. The adder closely misses you.
The blast of sand hits the adder.
You kill the adder!
You feel sick.
Your Stealth skill increases to level 3!
No target in view!
You feel sick.
You feel sick.
You feel sick.
You feel sick.
You are no longer poisoned.
Your magical contamination has completely faded away. 2 goblins come into view.
There are monsters nearby!
There are monsters nearby!
There are monsters nearby! 2 goblins come into view.
A goblin is wielding a +1 vampiric dagger. 2 goblins come into view.
The goblin shouts! x2
A hobgoblin comes into view.
The blast of sand hits the goblin!
You kill the goblin!
The goblin shouts! x2; The hobgoblin shouts!
Found 11 gold pieces and a pair of gloves.
The blast of sand misses the goblin.
The blast of sand hits the goblin!
You kill the goblin!
The goblin closely misses you.
The blast of sand misses the hobgoblin.
The goblin barely misses you. The goblin completely misses you.
The goblin hits you with a +0 club. The goblin closely misses you.
The hobgoblin misses you. The goblin hits you with a +0 club.
The goblin hits you with a +0 dagger.
The blast of sand hits the hobgoblin.
The hobgoblin is moderately wounded.
The goblin hits you with a +0 club. The hobgoblin hits you.
The goblin hits you with a +0 dagger. The goblin hits you with a +0 club.
* * * LOW HITPOINT WARNING * * *
The goblin hits you with a +1 vampiric dagger.
You die...

# #......#...... #.
#............. #
.######....♣♣.♣♣.... #
............♣♣.♣♣....
.#.#.#.####.###♣.[.♣.###
.....#.#.......♣P..♣....
...............♣♣.♣♣.###
............#### #.
...#ßg@g..ß# # #.###
#.ggg...# #.###.#..
##.....## ......#.# #
....)..# .........
###....##.....##
###.#...# ...#.# .......
#.#...# ....##ß.....ß#.#
#.#....
#.#.##..$.[..#.####.#..##
#.#....
#.#.##########.........##


You could see a hobgoblin and 4 goblins.

Vanquished Creatures
  An adder (D:2)
  2 dart slugs (D:1)
  5 endoplasms
  4 giant cockroaches (D:1)
  8 goblins
  3 hobgoblins
  2 kobolds
  A quokka (D:1)
  4 ball pythons
  2 bats (D:1)
  2 frilled lizards (D:1)
  4 rats
38 creatures vanquished.

Notes
Turn   | Place    | Note
-------+----------+-------------------------------------------
     0 | D:1      | PriceMaster the Octopode Earth Elementalist began the quest
                  | for the Orb.
     0 | D:1      | Reached XP level 1. HP: 11/11 MP: 3/3
   309 | D:1      | Reached XP level 2. HP: 16/17 MP: 3/5
   600 | D:1      | Reached XP level 3. HP: 21/21 MP: 5/7
  1737 | D:2      | Slain by a goblin

Illustrated notes

Levels and vault maps discovered:
D:1:      dpeg_arrival_circle_labyrinth_a, layout_basic, serial_forest,
          infiniplex_forest_clump_medium, infiniplex_forest_3_way,
          infiniplex_forest_clump_tiny, infiniplex_forest_corner_1,
          infiniplex_forest_pool, infiniplex_forest_lined_room_2,
          infiniplex_forest_clump_curved, infiniplex_forest_lined_room_2
D:2:      kennysheep_the_goblin_king, layout_basic, serial_forest,
          infiniplex_forest_corner_1, infiniplex_forest_split,
          infiniplex_forest_straight_4, infiniplex_forest_pool,
          infiniplex_forest_clump_tiny, infiniplex_forest_clump_small

Skill      XL: |  1  2  3 |
---------------+----------+-----
Spellcasting   | 3 |  3.1
Stealth        | 3 |  3.3
Fighting       | |  0.2
Dodging        | |  2.1
Conjurations   | |  1.0
Earth Magic    | |  3.4

Action                     || total
---------------------------++-------
  Melee: Unarmed           ||     2
         Constrict         ||     4
         Tentacles         ||     4
         Dagger            ||     5
   Cast: Sandblast         ||    50
    Use: Scroll            ||     1
 Armour: Skin              ||    14
  Dodge: Dodged            ||    17

Table legend: (Time is in decaauts)
 A = Elapsed time spent in this place.
 B = Non-inter-level travel time spent in this place.
 C = Inter-level travel time spent in this place.
 D = Time resting spent in this place.
 E = Time spent auto-exploring this place.
 F = Levels seen in this place.
 G = Mean time per level.
                   A        B        C        D        E       F      G
               +--------+--------+--------+--------+--------+-----+--------+
         Total |   1760 |   1733 |     27 |      0 |   1526 |   2 |  880.0 |
       Dungeon |   1760 |   1733 |     27 |      0 |   1526 |   2 |  880.0 |
               +--------+--------+--------+--------+--------+-----+--------+

Top non-repeatable levels by time:
     D:1: 1457 daAuts
     D:2: 303 daAuts
